 Dungeon Crawl Stone Soup version 0.28-a0-241-gfbb0926a3a (webtiles) character file.

Game seed: 13252236846351229606

3273 PentaManta the Grappler (level 10, -4/84 HPs)
             Began as a Ghoul Monk on Aug 24, 2021.
             Was a Priest of Okawaru.
             Slain by an orc knight (25 damage)
             ... in a bailey.
             The game lasted 00:22:07 (8525 turns).

PentaManta the Grappler (Ghoul Monk)                Turns: 8525, Time: 00:22:07

Health: -4/84      AC: 15    Str: 25    XL:     10   Next: 0%
Magic:  7/9        EV: 15    Int:  5    God:    Okawaru [***...]
Gold:   441        SH:  5    Dex: 11    Spells: 9/9 levels left

rFire   . . .      SeeInvis .     - Unarmed
rCold   + . .      Faith    .   (no shield)
rNeg    + + +      Spirit   .   q - +1 chain mail
rPois   ∞          Reflect  +   (no helmet)
rElec   .          Harm     .   (no cloak)
rCorr   .          Rampage  .   (no gloves)
Will    .....                   d - +0 pair of boots
Stlth   ..........              r - amulet of reflection
HPRegen 0.00/turn               n - +6 ring of strength
MPRegen 0.11/turn               x - +4 ring of evasion

@: mighty, heroic, inhibited regen
A: claws 1, cold resistance 1, negative energy resistance 3, inhibited
regeneration, torment resistance 2
a: Renounce Religion, Heroism


You were in a bailey.
You worshipped Okawaru.
Okawaru was most pleased with you.
You visited 2 branches of the dungeon, and saw 8 of its levels.
You also visited: Bailey.

You collected 915 gold pieces.
You spent 474 gold pieces at shops.

Inventory:

Hand Weapons
 a - a +0 dagger of venom
Missiles
 c - 9 boomerangs
 k - 2 throwing nets
 v - a curare-tipped dart
 w - 8 javelins
Armour
 d - a +0 pair of boots (worn)
 q - a +1 chain mail (worn)
 s - a +0 kite shield
 t - a +0 plate armour
Jewellery
 h - a +6 ring of strength
 n - a +6 ring of strength (left claw)
 r - an amulet of reflection (around neck)
 x - a +4 ring of evasion (right claw)
Wands
 b - a wand of paralysis (7)
 j - a wand of mindburst (7) (quivered)
 l - a wand of charming (7)
Scrolls
 e - 2 scrolls of acquirement
 f - 2 scrolls of enchant weapon
 u - 5 scrolls of enchant armour
 y - a scroll of teleportation
Potions
 g - 2 potions of heal wounds
 i - 2 potions of resistance
 m - 4 potions of curing
 o - a potion of might
 p - 3 potions of haste
 z - a potion of magic {unknown}
 A - a potion of experience {unknown}


   Skills:
 + Level 6.8(11.8) Fighting
 * Level 7.5(12.5) Armour
 - Level 2.6(7.6) Dodging
 - Level 2.1(7.1) Stealth
 + Level 10.8(15.8) Unarmed Combat


You had 9 spell levels left.
You didn't know any spells.
Your spell library contained the following spells:

 Spells                   Type           Power      Damage    Failure   Level
 Apportation              Tloc           0%         N/A       94%         1
 Magic Dart               Conj           0%         1d3       94%         1
 Mephitic Cloud           Conj/Pois/Air  0%         N/A       100%        3
 Alistair's Intoxication  Tmut/Pois      0%         N/A       100%        5
 Invisibility             Hex            0%         N/A       100%        6
 Call Imp                 Summ           Unusable   N/A       N/A         2

Dungeon Overview and Level Annotations

Branches:
Dungeon (7/15)             Temple (1/1) D:5          Bailey (1/1)

Altars:
Ashenzari
Cheibriados
Dithmenos
Hepliaklqana
Makhleb
Okawaru
Trog
Uskayaw
Vehumet
Wu Jian
Zin
The Shining One
Beogh

Shops:
D:1 !   D:3 *   D:4 ((:


Innate Abilities, Weirdness & Mutations

You thrive by killing the living.
You are immune to poison.
You have sharp fingernails.
Your flesh is cold resistant. (rC+)
You are immune to negative energy. (rN+++)
You do not regenerate when monsters are visible.
You are immune to unholy pain and torment.


Message History

You kill the orc!
The orc's corpse dissolves into shadows!
You block the gnoll's attack. The orc closely misses you.
You claw the gnoll!
The gnoll is severely wounded.
You block the gnoll's attack.
You claw the gnoll!
You kill the gnoll!
The gnoll's corpse dissolves into shadows!
The orc closely misses you.
You scratch the orc.
The orc is lightly wounded.
The orc closely misses you.
The orc knight hits you from afar with a +0 glaive!!
* * * LOW HITPOINT WARNING * * *
The orc hits you but does no damage. The orc barely misses you.
The orc knight hits you with a +0 glaive!!
* * * LOW HITPOINT WARNING * * *
There is an open door, spattered with blood here.
Things that are here:
a +0 spear; a +0 ring mail You feel much better.
The orc closely misses you. You block the orc's attack.
You block the orc knight's attack.
You gain the combat prowess of a mighty hero.
You can no longer speed up your combat.
You block the orc's attack. The orc hits you with a +0 trident.
The orc knight hits you with a +0 glaive!
* * * LOW HITPOINT WARNING * * *
You mangle the orc knight!!
The orc knight is heavily wounded.
The orc hits you with a +0 hand axe!
* * * LOW HITPOINT WARNING * * *
You block the orc's attack.
The orc knight hits you with a +0 glaive.
* * * LOW HITPOINT WARNING * * *
You feel much better. The orc closely misses you.
The orc hits you with a +0 trident.
* * * LOW HITPOINT WARNING * * *
The orc knight hits you with a +0 glaive!!
You die...

####### ############
#####.....## ##.....)))∩.##
...#.....o.######.....)).)...#
...)..)....#...)#[.....)))...#
...'....o..')).o@o..........∩#
...'.......#...o#)...........#
...#.....g.######............#
#####.....## ##........∩.##
####### ############


You could see an orc knight and 2 orcs.

Vanquished Creatures
  An orc knight (Bailey)
  Prince Ribbit (D:6)
  Eustachio (D:3)
  A hornet zombie (D:5)
  2 sky beasts
  A black bear (D:4)
  A necrophage (D:4)
  7 orc warriors
  2 ogres
  A kobold brigand (D:7)
  A scorpion (D:6)
  A wyvern skeleton (D:7)
  A killer bee (D:4)
  A jelly (D:3)
  A centaur zombie (D:7)
  A bullfrog skeleton (D:5)
  6 hounds
  5 orc priests
  A bullfrog zombie (D:7)
  2 gnoll shamans
  A centaur skeleton (D:6)
  2 iguanas
  3 orc wizards
  A scorpion zombie (D:5)
  A killer bee zombie (D:7)
  A howler monkey zombie (D:6)
  4 gnolls (D:6)
  8 adders
  3 ufetubi
  An adder skeleton (D:4)
  A worm (D:4)
  2 dart slugs
  42 orcs
  9 endoplasms
  6 giant cockroaches
  9 goblins
  4 hobgoblins
  3 jackals (D:4)
  14 kobolds
  7 quokkas
  10 ball pythons
  A bat (D:1)
  2 frilled lizards
  4 rats
177 creatures vanquished.

Notes
Turn   | Place    | Note
-------+----------+-------------------------------------------
     0 | D:1      | PentaManta the Ghoul Monk began the quest for the Orb.
     0 | D:1      | Reached XP level 1. HP: 19/19 MP: 0/0
   197 | D:1      | Reached XP level 2. HP: 26/26 MP: 1/1
   200 | D:1      | Reached skill level 4 in Unarmed Combat
   723 | D:1      | Found Ysha's Distillery.
   734 | D:1      | Bought a potion of curing for 33 gold pieces
   818 | D:1      | Found a faded altar of an unknown god.
   975 | D:2      | Reached XP level 3. HP: 29/31 MP: 2/2
  1389 | D:2      | Reached skill level 5 in Unarmed Combat
  1532 | D:3      | Noticed a sky beast
  1569 | D:3      | Killed a sky beast
  1570 | D:3      | Reached skill level 6 in Unarmed Combat
  1570 | D:3      | Reached XP level 4. HP: 35/38 MP: 3/3
  1570 | D:3      | Reached XP level 5. HP: 42/45 MP: 4/4
  1840 | D:3      | Found Pilenegiug's Assorted Antiques.
  1855 | D:3      | Bought a grey potion for 18 gold pieces
  1855 | D:3      | Bought a scroll labelled JAOTWU VILAMM for 21 gold pieces
  1855 | D:3      | Bought a scroll labelled BOVVOVVUKHLA for 21 gold pieces
  1855 | D:3      | Bought a red potion for 18 gold pieces
  1861 | D:3      | Identified a scroll of acquirement
  2069 | D:4      | Noticed Eustachio
  2587 | D:3      | Killed Eustachio
  2588 | D:3      | Reached skill level 7 in Unarmed Combat
  2588 | D:3      | Reached XP level 6. HP: 21/51 MP: 5/5
  2783 | D:4      | Noticed a necrophage
  2796 | D:4      | Killed a necrophage
  2797 | D:4      | Reached skill level 8 in Unarmed Combat
  2915 | D:5      | Entered Level 5 of the Dungeon
  3200 | D:3      | Reached XP level 7. HP: 9/57 MP: 6/6
  3553 | D:3      | Reached skill level 1 in Armour
  4340 | D:4      | Reached skill level 9 in Unarmed Combat
  4471 | D:4      | Reached XP level 8. HP: 66/66 MP: 7/7
  4656 | D:4      | Found Anwonito's Weapon Boutique.
  4691 | D:4      | Found Gatomy's Weapon Boutique.
  4727 | D:4      | Found Ruk Quir's Book Shoppe.
  4886 | D:3      | Bought a worn bronze wand for 84 gold pieces
  4886 | D:3      | Bought a sharpened bronze wand for 84 gold pieces
  4886 | D:3      | Bought a potion of curing for 63 gold pieces
  4969 | D:1      | Bought a potion of might for 44 gold pieces
  4969 | D:1      | Bought a potion of curing for 33 gold pieces
  4969 | D:1      | Bought a potion of heal wounds for 55 gold pieces
  5441 | D:5      | Found a staircase to the Ecumenical Temple.
  5745 | Temple   | Entered the Ecumenical Temple
  5823 | Temple   | Became a worshipper of Warmaster Okawaru
  5823 | Temple   | Reached * piety under Okawaru
  5823 | Temple   | Reached ** piety under Okawaru
  6247 | D:6      | Found a hide-covered altar of Uskayaw.
  6247 | D:6      | Found a shadowy altar of Dithmenos.
  6399 | D:6      | Reached skill level 5 in Fighting
  6399 | D:6      | Reached skill level 5 in Armour
  6691 | D:6      | Noticed Prince Ribbit
  6699 | D:6      | Killed Prince Ribbit
  6700 | D:6      | Reached skill level 10 in Unarmed Combat
  6700 | D:6      | Reached XP level 9. HP: 74/74 MP: 8/8
  7579 | D:7      | Reached *** piety under Okawaru
  7644 | D:7      | Found a flagged portal.
  7673 | Bailey   | Entered a bailey
  8137 | Bailey   | Noticed an orc knight
  8175 | Bailey   | Killed an orc knight
  8323 | Bailey   | Noticed an orc knight
  8344 | Bailey   | Reached **** piety under Okawaru
  8345 | Bailey   | Reached XP level 10. HP: 52/84 MP: 9/9
  8524 | Bailey   | HP: 2/84 [orc knight (5)]
  8525 | Bailey   | Slain by an orc knight

Illustrated notes

Levels and vault maps discovered:
D:1:      zelgadis_glass_arrival_small, layout_basic,
          hellmonk_ecumenical_altar_defaced_shrine, serial_shops,
          nicolae_shop_stone, fountainhead
D:2:      layout_loops_ring, serial_park_tiny_pond
D:3:      layout_rooms, serial_shops, shop
D:4:      minmay_polygon_palace, layout_cave_pools, serial_shops,
          kennysheep_mini_moat, shop, nicolae_lakefront_shop,
          serial_bayou_pond_b, kennysheep_small_circle, uniq_eustachio
D:5:      layout_gridville, temple_pool_b, grunt_ministairs_11,
          kennysheep_generic_room_9
D:6:      layout_basic, chequers_temple_overflow_statue_of_worship,
          dk_vineyard_1, uniq_prince_ribbit1
D:7:      layout_loops_ring, enter_bailey_2, st_stairs_1
Temple:   dpeg_five_rooms_temple
Bailey:   bailey_polearm_5, bailey

Skill      XL: |  1  2  3  4  5  6  7  8  9 |
---------------+----------------------------+-----
Unarmed Combat | 4 6 7 8 9 10 | 10.8
Armour         | 2 5 7 |  7.5
Fighting       | 5 6 |  6.8
Dodging        | |  2.6
Stealth        | |  2.1

Action                   |  1- 3 |  4- 6 |  7- 9 | 10-12 || total
-------------------------+-------+-------+-------+-------++-------
Melee: Unarmed           |    86 |   100 |   299 |    20 ||   505
       Punch             |     3 |       |     8 |     1 ||    12
Throw: Throwing net      |       |     1 |       |       ||     1
       Boomerang         |       |       |    14 |       ||    14
Invok: Heroism           |       |       |     1 |     1 ||     2
Evoke: Wand              |       |       |    14 |     2 ||    16
  Use: Scroll            |       |    12 |     5 |       ||    17
       Potion            |       |     5 |     2 |     3 ||    10
 Stab: Sleeping          |     4 |       |       |       ||     4
       Paralysed         |       |       |     1 |       ||     1
Armor: Robe              |     7 |       |       |       ||     7
       Ring mail         |    15 |     2 |       |       ||    17
       Chain mail        |       |   152 |   150 |     7 ||   309
Dodge: Dodged            |    41 |   116 |   165 |    17 ||   339
Block: Other             |       |       |    68 |    12 ||    80
       Reflection        |       |       |     1 |       ||     1

Table legend: (Time is in decaauts)
 A = Elapsed time spent in this place.
 B = Non-inter-level travel time spent in this place.
 C = Inter-level travel time spent in this place.
 D = Time resting spent in this place.
 E = Time spent auto-exploring this place.
 F = Levels seen in this place.
 G = Mean time per level.
                   A        B        C        D        E       F      G
               +--------+--------+--------+--------+--------+-----+--------+
         Total |   8479 |   7559 |    920 |   2061 |   3510 |   9 |  942.1 |
       Dungeon |   7516 |   6647 |    869 |   1535 |   3442 |   7 | 1073.7 |
        Temple |    130 |     79 |     51 |      0 |     66 |   1 |  130.0 |
        Bailey |    832 |    832 |      0 |    526 |      2 |   1 |  832.0 |
               +--------+--------+--------+--------+--------+-----+--------+

Top non-repeatable levels by time:
     D:3: 1800 daAuts
     D:4: 1340 daAuts
     D:6: 1223 daAuts
     D:2: 1056 daAuts
     D:1: 981 daAuts
  Bailey: 832 daAuts
     D:5: 822 daAuts
     D:7: 290 daAuts
  Temple: 130 daAuts
